 Dungeon Crawl Stone Soup version 0.30.1-9-gdf580d7c3d (webtiles) character file.

Game seed: 5422966252198815746

480 boopmooplesden the Poker (level 6, -6/53 HPs)
             Began as a Minotaur Fighter on Sept 27, 2023.
             Mangled by a sleepcap (13 damage)
             ... on level 4 of the Dungeon.
             The game lasted 00:04:48 (2919 turns).

boopmooplesden the Poker (Minotaur Fighter)         Turns: 2919, Time: 00:04:49

Health: -6/53      AC: 10    Str: 23    XL:     6   Next: 86%
Magic:  5/5        EV:  2    Int:  5    God:
Gold:   155        SH:  0    Dex:  9    Spells: 5/5 levels left

rFire   + + .        k - +0 glaive (heavy)
rCold   + . .        (shield currently unavailable)
rNeg    . . .        q - +0 chain mail
rPois   .            (helmet restricted)
rElec   .            (no cloak)
rCorr   .            (no gloves)
SInv    +            (no boots)
Will    .....        n - amulet "Niesk" {rF++ rC+ Regen+} Stlth
                     o - ring of see invisible
HPRegen 1.08/turn    i - +5 ring of evasion
MPRegen 0.09/turn

%: no passive effects
@: sleeping
A: horns 2, retaliatory headbutt
a: no special abilities


You were on level 4 of the Dungeon.
You visited 2 branches of the dungeon, and saw 5 of its levels.

You collected 155 gold pieces.

Inventory:

Hand Weapons
 a - a +1 trident
 k - a +0 heavy glaive (weapon)
Missiles
 l - 3 boomerangs (quivered)
Armour
 b - a +0 scale mail
 c - a +0 buckler
 q - a +0 chain mail (worn)
Jewellery
 i - a +5 ring of evasion (right hand)
 n - the amulet "Niesk" (around neck) {rF++ rC+ Regen+}
   (You found it on level 3 of the Dungeon)

   [amulet of regeneration]

   rF:        It greatly protects you from fire.
   rC:        It protects you from cold.
   Regen:     It increases your rate of health regeneration.
 o - a ring of see invisible (left hand)
Scrolls
 e - a scroll of identify
 h - a scroll of teleportation
 t - a scroll of torment {unknown}
Potions
 f - 2 potions of mutation
 j - a potion of might
 m - a potion of invisibility


   Skills:
 + Level 4.6 Fighting
 + Level 6.0 Polearms
 + Level 0.4 Throwing
 + Level 5.7 Armour
 + Level 1.5 Dodging
 + Level 0.2 Stealth
 + Level 4.7 Shields


You had 5 spell levels left.
You didn't know any spells.
Your spell library contained the following spells:

 Spells                   Type           Power      Damage    Failure   Level
 Ensorcelled Hibernation  Hex/Ice        0%         N/A       99%         2
 Passwall                 Tmut/Erth      0%         N/A       99%         2
 Swiftness                Air            0%         N/A       100%        3


Dungeon Overview and Level Annotations

Branches:
Dungeon (4/15)             Temple (1/1) D:4

Altars:
Ashenzari
Dithmenos
Elyvilon
Fedhas
Gozag
Sif Muna
Uskayaw
Xom
Yredelemnul
Zin


Innate Abilities, Weirdness & Mutations

You have a pair of horns on your head.
You reflexively headbutt those who attack you in melee.


Message History

The orc priest casts a cantrip, but nothing happens.
The orc priest misses you. The sleepcap barely misses you.
The orc closely misses you. You furiously retaliate!
You headbutt the orc. You slash the orc priest!
You kill the orc priest!
The orc hits you with a +0 vampiric trident.
* * * LOW HITPOINT WARNING * * *
The orc draws strength from your wounds!
The sleepcap misses you. The sleepcap barely misses you.
The orc completely misses you. You furiously retaliate!
You headbutt the orc.
You kill the orc!
Your Polearms skill increases to level 6!
Okay, then.
As you read the scroll labelled DYPLIPL HOMUT, it crumbles to dust.
A profound silence engulfs you.
It was a scroll of silence.
The sleepcap completely misses you. You furiously retaliate!
You headbutt the sleepcap, but do no damage.
The goblin misses you. You furiously retaliate!
You headbutt the goblin. The sleepcap releases spores at you.
* * * LOW HITPOINT WARNING * * *
It was a potion of resistance.
You feel protected. The goblin closely misses you.
The sleepcap releases spores at you but does no damage.
It was a potion of cancellation.
Your magical effects are unravelling.
You feel magically purged.
Your hearing returns.
Your resistance to elements expires.
The goblin hits you but does no damage. The sleepcap closely misses you.
The goblin attacks as you move away! The goblin barely misses you.
You closely miss the goblin.
The goblin is moderately wounded.
The goblin misses you. You furiously retaliate!
You headbutt the goblin!
You kill the goblin!
The sleepcap releases spores at you.
* * * LOW HITPOINT WARNING * * *
You are engulfed in a cloud of soporific spores!
You fall asleep.
The sleepcap releases spores at you!
You die...

........###### ## ...
..#####.# #.. ...
######.###### #..##.##
#............
......#####.........### .
..........###.......
#.#....#.##.###.##.###
#.#.#)##.#........##.###
..#...))f@....#..#.......#
#....##.#.#.#.#.###.......
#..#....#.#.#....#..##.#.#
# #......................
#....#.#.>.#.##.######.#.#
#.##.#.#...#....######.#.#
# ......#....#...†....#.#
..#.##.#.##.#.########.#
.. #. .......†)###### #.#


You could see a sleepcap.

Vanquished Creatures
  Sigmund (D:2)
  An orc priest (D:4)
  A jelly (D:4)
  A sleepcap (D:4)
  An orc wizard (D:4)
  3 gnolls (D:3)
  7 adders
  3 worms
  5 dart slugs
  5 orcs
  6 ball pythons
  10 endoplasms
  5 giant cockroaches
  11 goblins
  7 hobgoblins
  14 jackals
  6 kobolds
  A quokka (D:1)
  6 bats
  3 frilled lizards
  2 rats (D:3)
99 creatures vanquished.

Vanquished Creatures (others)
  An angel (D:3)
1 creature vanquished.

Grand Total: 100 creatures vanquished

Notes
Turn   | Place    | Note
-------+----------+-------------------------------------------
     0 | D:1      | boopmooplesden the Minotaur Fighter began the quest for the
                  | Orb.
     0 | D:1      | Reached XP level 1. HP: 19/19 MP: 0/0
   107 | D:1      | Reached XP level 2. HP: 27/27 MP: 1/1
   275 | D:1      | Reached XP level 3. HP: 5/33 MP: 2/2
   400 | D:1      | Reached skill level 3 in Polearms
   881 | D:2      | Noticed Sigmund
   893 | D:2      | Killed Sigmund
   894 | D:2      | Reached skill level 4 in Polearms
   894 | D:2      | Reached skill level 5 in Armour
   894 | D:2      | Reached skill level 1 in Dodging
   894 | D:2      | Reached XP level 4. HP: 39/40 MP: 3/3
   894 | D:2      | Reached XP level 5. HP: 45/46 MP: 4/4
  1563 | D:3      | Reached skill level 5 in Polearms
  1566 | D:3      | Reached XP level 6. HP: 16/53 MP: 5/5
  1566 | D:3      | HP: 2/53 [gnoll/+0 halberd (13)]
  1762 | D:3      | Identified the amulet "Niesk" {rF++ rC+ Regen+}
  1917 | D:3      | Found a shimmering altar of Xom.
  1920 | D:3      | Noticed an angel
  1923 | D:3      | Found a glowing silver altar of Zin.
  2039 | D:3      | Found an opulent altar of Gozag.
  2344 | D:3      | Killed an angel
  2620 | D:3      | Identified a scroll of acquirement
  2620 | D:3      | Acquired a +0 heavy glaive
  2823 | D:4      | Found a staircase to the Ecumenical Temple.
  2850 | Temple   | Entered the Ecumenical Temple
  2913 | D:4      | Reached skill level 6 in Polearms
  2919 | D:4      | Mangled by a sleepcap

Illustrated notes

Levels and vault maps discovered:
D:1:      heliophobic_arrival_enchanted_forest, layout_loops_ring
D:2:      layout_loops_ring, uniq_sigmund
D:3:      layout_loops_corners, grunt_temple_overflow_order_and_chaos_1,
          grunt_gozag_statues
D:4:      cheibrodos_fertilizer, layout_loops_ring, minmay_temple_entry_ruins
Temple:   hellmonk_temple_of_storms

Skill      XL: |  1  2  3  4  5  6 |
---------------+-------------------+-----
Armour         | 4 5 |  5.7
Shields        | 4 |  4.7
Polearms       | 4 5 6 |  6.0
Fighting       | 4 |  4.6
Dodging        | 1 |  1.5
Throwing       | |  0.4
Stealth        | |  0.2

Action                     |  1- 3 |  4- 6 || total
---------------------------+-------+-------++-------
  Melee: Trident           |    82 |   109 ||   191
         Headbutt          |     9 |    19 ||    28
         Glaive            |       |    28 ||    28
  Throw: Boomerang         |       |    10 ||    10
    Use: Scroll            |     3 |     7 ||    10
         Potion            |     1 |     2 ||     3
 Armour: Scale mail        |    48 |    25 ||    73
         Chain mail        |       |    38 ||    38
  Dodge: Dodged            |    45 |   112 ||   157
  Block: Buckler           |    22 |    25 ||    47
